 Dungeon Crawl Stone Soup version 0.26.0-10-g1f06aea511 (webtiles) character file.

Game seed: 2918025667263529541

576 shitwizard the Chopper (level 7, -6/52 HPs)
             Began as a Demonspawn Chaos Knight on Jan 24, 2021.
             Was a Plaything of Xom.
             Mangled by a wolf spider (glowing shapeshifter) (21 damage)
             ... on level 5 of the Dungeon.
             The game lasted 00:09:00 (4808 turns).

shitwizard the Chopper (Demonspawn Chaos Knight)    Turns: 4808, Time: 00:09:02

Health: -6/52      AC:  7    Str: 13    XL:     7   Next: 12%
Magic:  7/7        EV: 11    Int: 11    God:    Xom [.*....]
Gold:   318        SH:  0    Dex: 12    Spells: 6/6 levels left

rFire    . . .     SeeInvis .   a - +0 hand axe (chaos)
rCold    . . .     Faith    .   (no shield)
rNeg     . . .     Spirit   .   b - +2 leather armour
rPois    .         Reflect  .   (no helmet)
rElec    .         Harm     .   f - scarf {+Inv}
rCorr    .         Rampage  .   e - +2 pair of gloves
Will     +....                  (no boots)
Stlth    +.........             m - amulet of the acrobat
HPRegen  0.00/turn              (no ring)
MPRegen  0.10/turn              (no ring)

@: lethally poisoned (-6 -> -75), attractive, very slightly contaminated,
invisible
A: talons 2, deformed body, demonic guardian 1, dopey 2, strong-willed 1,
inhibited regeneration, miasma immunity, MP-powered wands, sharp scales 1
a: Renounce Religion, Evoke Invisibility


You were on level 5 of the Dungeon.
You worshipped Xom.
You were a plaything of Xom.
You visited 1 branch of the dungeon, and saw 5 of its levels.

You collected 318 gold pieces.

Inventory:

Hand Weapons
 a - a +0 hand axe of chaos (weapon)
 C - a +2 quarterstaff of chaos
Missiles
 s - 15 poisoned darts (quivered)
Armour
 b - a +2 leather armour (worn)
 e - a +2 pair of gloves (worn)
 f - a scarf of invisibility (worn)
 o - a +0 pair of boots
 t - a +2 pair of gloves
Jewellery
 m - an amulet of the acrobat (around neck)
 D - an uncursed ring of wizardry {unknown}
Wands
 p - a wand of paralysis (3)
 r - a wand of random effects (12)
 v - a wand of polymorph (8)
Scrolls
 d - 3 scrolls of teleportation
 g - 2 scrolls of amnesia
 h - 3 scrolls of remove curse
 j - 3 scrolls of identify
 n - 4 scrolls of enchant armour
 u - a scroll of magic mapping
 w - a scroll of enchant weapon {unknown}
 y - a scroll of noise {unknown}
Potions
 c - a potion of invisibility
 i - 3 potions of attraction
 k - a potion of degeneration {unknown}
 l - 3 potions of heal wounds
 q - a potion of curing {unknown}
 x - a potion of haste {unknown}
 z - a potion of berserk rage {unknown}
 A - a potion of resistance {unknown}
 B - a potion of lignification {unknown}


   Skills:
 - Level 3.0 Fighting
 + Level 7.4 Axes
 + Level 0.3 Throwing
 - Level 1.7 Armour
 - Level 1.1 Dodging


You had 6 spell levels left.
You didn't know any spells.
Your spell library contained the following spells:

 Spells                   Type           Power        Failure   Level
 Animate Skeleton         Necr           0%           41%         1
 Beastly Appendage        Tmut           0%           41%         1
 Pain                     Necr           0%           41%         1
 Wereblood                Tmut           0%           56%         2
 Spider Form              Tmut/Pois      0%           80%         3
 Vampiric Draining        Necr           0%           80%         3
 Animate Dead             Necr           0%           99%         4
 Ice Form                 Ice/Tmut       0%           99%         4
 Agony                    Necr           0%           100%        5
 Blade Hands              Tmut           0%           100%        5


Dungeon Overview and Level Annotations

Branches:
Dungeon (5/15)             Temple (0/1) D:4

Altars:
Elyvilon
Qazlal
Uskayaw


Innate Abilities, Weirdness & Mutations

You have razor-sharp toenails.
A weak demonic guardian rushes to your aid.
You are immune to miasma.
You are partially covered in razor-sharp scales. (AC +1, Slay +1)
Armour fits poorly on your strangely shaped body.
You are very dopey. (Int -4)
You are strong-willed. (Will+)
You do not regenerate when monsters are visible.
You expend magic power (3 MP) to strengthen your wands.


Message History

The wolf spider hisses angrily.
You barely miss the wolf spider.
You claw the wolf spider, but do no damage.
The wolf spider is heavily wounded.
You feel very sick. The wolf spider closely misses you.
The wolf spider misses you.
It was a potion of invisibility.
You fade into invisibility!
You feel very sick. The wolf spider barely misses you.
The wolf spider bites you but does no damage.
The wolf spider hits you! The wolf spider closely misses you.
You are very lightly contaminated with residual magic.
It was a potion of attraction.
You feel attractive to monsters.
* * * LOW HITPOINT WARNING * * *
You feel very sick. The wolf spider hits you!!
You die...
Xom bursts into laughter!

.. ... .... ######+#....
#........... #...).......
#...s....... #...@.......
+...........
#######...........
#..........####### ##
#..........# ########.
#..........# #....('..
#..........# #.....#..
#..........# #.....##.
#..........########.....##.


You could see a wolf spider shaped shifter (very poisoned).

Vanquished Creatures
  A rime drake (shapeshifter) (D:2)
  2 scorpions
  Crazy Yiuf (D:4)
  Natasha (D:2)
  4 adders
  A white imp (D:5)
  An ufetubus (D:5)
  2 dart slugs (D:1)
  5 leopard geckos
  12 orcs
  10 bats
  3 giant cockroaches
  4 goblins
  6 hobgoblins
  8 kobolds
  A ball python (D:3)
  6 frilled lizards
  3 rats (D:2)
71 creatures vanquished.

Vanquished Creatures (collateral kills)
  An orc wizard (D:4)
  Jessica (D:2)
  A dart slug (D:2)
  An orc (D:4)
  A goblin (D:2)
5 creatures vanquished.

Grand Total: 76 creatures vanquished

Notes
Turn   | Place    | Note
-------+----------+-------------------------------------------
     0 | D:1      | shitwizard the Demonspawn Chaos Knight began the quest for
                  | the Orb.
     0 | D:1      | Reached XP level 1. HP: 18/18 MP: 1/1
     2 | D:1      | Noticed a minotaur
     2 | D:1      | Noticed a human
     4 | D:1      | Noticed a formicid
     4 | D:1      | Noticed a demonspawn
     6 | D:1      | Noticed a felid
     9 | D:1      | Noticed a vine stalker
    11 | D:1      | Noticed an elf
    11 | D:1      | Noticed a naga
    13 | D:1      | Noticed a halfling
    13 | D:1      | Noticed a merfolk
    15 | D:1      | Noticed a ghoul
    17 | D:1      | Noticed a tengu
    17 | D:1      | Noticed a dwarf
    19 | D:1      | Noticed a spriggan
    19 | D:1      | Noticed a gargoyle
    21 | D:1      | Noticed a centaur
    21 | D:1      | Noticed a vampire
    23 | D:1      | Noticed an ogre
    23 | D:1      | Noticed a draconian
    25 | D:1      | Noticed a demigod
    25 | D:1      | Noticed an octopode
    27 | D:1      | Noticed a troll
    46 | D:1      | Reached skill level 1 in Dodging
   132 | D:1      | Reached skill level 3 in Axes
   144 | D:1      | XOM: potion effect (curing)
   147 | D:1      | Gained mutation: You are immune to miasma. [demonic
                  | ancestry]
   147 | D:1      | Reached XP level 2. HP: 21/24 MP: 2/2
   581 | D:1      | Gained mutation: You are partially covered in razor-sharp
                  | scales. (AC +1, Slay +1) [demonic ancestry]
   581 | D:1      | Reached XP level 3. HP: 21/29 MP: 3/3
   821 | D:1      | XOM: silly message
  1090 | D:2      | XOM: 3-stop teleportation journey
  1091 | D:2      | Noticed Natasha
  1098 | D:2      | Killed Natasha
  1099 | D:2      | Reached skill level 4 in Axes
  1103 | D:2      | XOM: cloud trail
  1195 | D:2      | XOM: silly message
  1198 | D:2      | Gained mutation: A weak demonic guardian rushes to your
                  | aid. [demonic ancestry]
  1198 | D:2      | Reached XP level 4. HP: 35/35 MP: 4/4
  1272 | D:2      | Noticed Jessica
  1282 | D:2      | Killed Jessica
  1483 | D:2      | Noticed a shapeshifter
  1483 | D:2      | an adder changed into a shapeshifter
  1483 | D:2      | Noticed a soldier ant
  1483 | D:2      | a shapeshifter changed into a soldier ant
  1504 | D:2      | Noticed an acid dragon
  1504 | D:2      | a soldier ant changed into an acid dragon
  1646 | D:1      | XOM: divination: magic mapping
  1711 | D:1      | XOM: give mutations
  1711 | D:1      | Gained mutation: You are agile. (Dex +2) [Xom's grace]
  1711 | D:1      | Gained mutation: You expend magic power (3 MP) to
                  | strengthen your wands. [Xom's grace]
  1711 | D:1      | Gained mutation: Your muscles are strong. (Str +2) [Xom's
                  | grace]
  1908 | D:2      | Noticed a tengu
  1908 | D:2      | an acid dragon changed into a tengu
  1911 | D:2      | Noticed a rime drake
  1911 | D:2      | a tengu changed into a rime drake
  1920 | D:2      | Killed a rime drake
  1921 | D:2      | Reached skill level 6 in Axes
  1921 | D:2      | Gained mutation: You have sharp toenails. [demonic
                  | ancestry]
  1921 | D:2      | Reached XP level 5. HP: 12/41 MP: 5/5
  1921 | D:2      | Reached XP level 6. HP: 14/47 MP: 6/6
  2144 | D:2      | XOM: give mutation
  2144 | D:2      | Gained mutation: You do not regenerate when monsters are
                  | visible. [Xom's mischief]
  2440 | D:2      | XOM: polymorph hobgoblin -> goblin
  2549 | D:2      | Found a white marble altar of Elyvilon.
  2619 | D:3      | XOM: 5-stop teleportation journey
  3120 | D:3      | Found a hide-covered altar of Uskayaw.
  3520 | D:4      | Found a stormy altar of Qazlal.
  3626 | D:4      | Reached skill level 7 in Axes
  3728 | D:4      | XOM: give mutations
  3728 | D:4      | Lost mutation: You are agile. (Dex +2) [Xom's mischief]
  3728 | D:4      | Gained mutation: You are dopey. (Int -2) [Xom's mischief]
  3728 | D:4      | Gained mutation: You have razor-sharp toenails. [Xom's
                  | mischief]
  3728 | D:4      | Gained mutation: You are very dopey. (Int -4) [Xom's
                  | mischief]
  4132 | D:4      | XOM: give mutations
  4132 | D:4      | Gained mutation: Armour fits poorly on your strangely
                  | shaped body. [Xom's mischief]
  4132 | D:4      | Gained mutation: You are strong-willed. (Will+) [Xom's
                  | mischief]
  4132 | D:4      | Lost mutation: Your muscles are strong. (Str +2) [Xom's
                  | mischief]
  4134 | D:4      | Found a staircase to the Ecumenical Temple.
  4276 | D:4      | Found a runed translucent door.
  4277 | D:4      | Noticed Crazy Yiuf
  4287 | D:4      | Killed Crazy Yiuf
  4288 | D:4      | Reached XP level 7. HP: 52/52 MP: 7/7
  4335 | D:5      | Entered Level 5 of the Dungeon
  4799 | D:5      | Noticed a glowing shapeshifter
  4799 | D:5      | an orc changed into a glowing shapeshifter
  4799 | D:5      | XOM: polymorph orc -> glowing shapeshifter
  4799 | D:5      | Noticed an ice dragon
  4799 | D:5      | a glowing shapeshifter changed into an ice dragon
  4800 | D:5      | Noticed a spark wasp
  4800 | D:5      | an ice dragon changed into a spark wasp
  4801 | D:5      | Noticed a wolf spider
  4801 | D:5      | a spark wasp changed into a wolf spider
  4808 | D:5      | Mangled by a wolf spider (glowing shapeshifter)

Illustrated notes

Levels and vault maps discovered:
D:1:      kb_arrival_jail, layout_loops_ring
D:2:      layout_basic, overflow_temple_1_default, uniq_natasha, uniq_jessica
D:3:      layout_basic, general_overflow_altar
D:4:      layout_basic, nicolae_qazlal_general_emergency,
          uniq_crazy_yiuf_cottage
D:5:      layout_gridville

Skill      XL: |  1  2  3  4  5  6 |
---------------+-------------------+-----
Dodging        | 1 |  1.1
Axes           | 3 4 6 7 |  7.4
Fighting       | |  3.0
Throwing       | |  0.3
Armour         | |  1.7

Action                   |  1- 3 |  4- 6 |  7- 9 || total
-------------------------+-------+-------+-------++-------
Melee: Hand axe          |    71 |   120 |    14 ||   205
       Kick              |       |    13 |     5 ||    18
Throw: Dart              |       |     5 |       ||     5
  Use: Scroll            |       |    10 |       ||    10
       Potion            |       |       |     3 ||     3
 Stab: Confused          |     1 |       |       ||     1
       Paralysed         |       |     3 |       ||     3
       Distracted        |       |     2 |       ||     2
       Sleeping          |       |     2 |       ||     2
Armor: Leather armour    |    30 |    43 |     5 ||    78
Dodge: Dodged            |    48 |    75 |    13 ||   136
